Construct Section Command Post
Selects Heavy Armor Battlegroup
Construct Platoon Command Post
Selects Rigorous Vehicle Training
Unlock Bishop Self-propelled Artillery
Bishop Self-propelled Artillery
Bishop Self-propelled Artillery
Selects Light Vehicle Withdraw and Refit
Selects Forward Repair Assembly
Construct Company Command Post
Unlock M3 Grant Medium Tanks
Selects Crusader AA Medium Tank
Bishop Self-propelled Artillery
Bishop Self-propelled Artillery
Selects Churchill Black Prince Heavy Tank
Churchill Black Prince Heavy Tank
Bishop Self-propelled Artillery